 Dungeon Crawl Stone Soup version 0.29.0-5-ge4962eb29e (webtiles) character file.

Game seed: 17856493420728458896

4779 Sobieck the Geomancer (level 10, 0/49 HPs)
             Began as a Vine Stalker Earth Elementalist on Aug 29, 2022.
             Was a Follower of Wu Jian.
             Slain by Erica
             ... wielding a +1 scimitar of flaming
              (2 damage)
             ... on level 9 of the Dungeon.
             The game lasted 00:29:44 (9411 turns).

Sobieck the Geomancer (VSEE)                        Turns: 9411, Time: 00:29:45

Health: 0/49       AC: 11    Str: 11    XL:     10   Next: 47%
Magic:  0/20       EV: 12    Int: 15    God:    Wu Jian [*.....]
Gold:   96         SH:  0    Dex: 19    Spells: 11/21 levels left

rFire   + . .      SeeInvis .   a - +4 short sword (elec) {short}
rCold   + . .      Faith    .   (no shield)
rNeg    . . .      Spirit   +   q - +0 troll leather armour
rPois   +          Reflect  .   M - +2 helmet
rElec   +          Harm     .   h - +1 cloak
rCorr   +          Rampage  .   n - +1 pair of gloves
Will    ++...                   (no boots)
Stlth   ++++......              H - amulet of regeneration {@e2}
HPRegen 2.56/turn               J - ring of wizardry
MPRegen 0.17/turn               A - ring of willpower

@: resistant, studying Ranged Weapons
A: fangs 3, regeneration 1, magic shield, antimagic bite, no potion heal 2
a: Renounce Religion


You were on level 9 of the Dungeon.
You worshipped Wu Jian.
Wu Jian was aware of your devotion.
You visited 2 branches of the dungeon, and saw 10 of its levels.

You collected 496 gold pieces.
You spent 400 gold pieces at shops.


Innate Abilities, Weirdness & Mutations

You have razor-sharp teeth.
Your natural rate of healing is unusually fast.
When hurt, damage is shared between your health and your magic reserves.
Your bite disrupts and absorbs the magic of your enemies.
Potions cannot restore your health.


   Skills:
 - Level 4.0 Fighting
 * Level 6.1 Short Blades
 - Level 1.5 Dodging
 - Level 8.0 Stealth
 - Level 6.0 Spellcasting
 + Level 4.0 Transmutations
 + Level 9.4 Earth Magic


You had 11 spell levels left.
You knew the following spells:

 Your Spells              Type           Power      Damage    Failure   Level
a - Sandblast             Erth           64%        2d14      1%          1
b - Passwall              Tmut/Erth      20%        N/A       1%          2
c - Petrify               Tmut/Erth      24%        N/A       4%          4
d - Stone Arrow           Conj/Erth      36%        3d9       3%          3

Your spell library contained the following spells:

 Spells                   Type           Power      Damage    Failure   Level
 Animate Armour           Summ/Erth      36%        N/A       12%         4
 Tukima's Dance           Hex            4%         N/A       22%         3
 Passage of Golubria      Tloc           4%         N/A       56%         4
 Yara's Violent Unravell  Hex/Tmut       5%         3d4       65%         5
 Lehudib's Crystal Spear  Conj/Erth      9%         10d4      100%        8

Inventory:

Hand Weapons
 a - a +4 short sword of electrocution (weapon) {short}
   (You bought it in a shop on level 1 of the Dungeon)
 i - the +9 falchion "Jajemn" {drain, rN+, long}
   (You found it on level 8 of the Dungeon)

   A truly terrible weapon, it drains the life of any living foe it strikes.
   rN:        It protects you from negative energy.
 w - the +5 spear of Stickiness {vorpal, Will+ Int+2, polearm}
   (You found it on level 5 of the Dungeon)

   It inflicts extra damage upon your enemies.
   Int:       It affects your intelligence (+2).
   Will:      It increases your willpower.
 y - a +3 scimitar of flaming {long}
   (You took it off an efreet on level 8 of the Dungeon)
 O - a +2 dagger of electrocution {short}
   (You took it off a kobold on level 4 of the Dungeon)
 U - the +5 spear of Ichued {protect, Fly rN+++ Str+7 Dex-3, polearm}
   (You bought it in a shop on level 1 of the Dungeon)

   It grants its wielder temporary protection when it strikes (+7 to AC).
   Str:       It affects your strength (+7).
   Dex:       It affects your dexterity (-3).
   rN:        It renders you almost immune to negative energy.
   Fly:       It grants you flight.
Missiles
 b - 5 boomerangs {throwing}
 f - a throwing net {=f!fthrowing}
 m - 95 stones {throwing}
 N - 12 poisoned darts (quivered) {throwing}
 Q - 4 javelins {throwing}
Armour
 e - the +0 robe "Vuisin" {Str+5}
   (You found it on level 6 of the Dungeon)

   Str:       It affects your strength (+5).
 h - a +1 cloak (worn)
   (You found it on level 8 of the Dungeon)
 n - a +1 pair of gloves (worn)
   (You found it on level 1 of the Dungeon)
 q - a +0 troll leather armour (worn)
   (You found it on level 8 of the Dungeon)
 s - a +0 leather armour
   (You found it on level 2 of the Dungeon)
 t - a +0 robe
   (You found it on level 5 of the Dungeon)
 E - a +0 robe
   (You found it on level 3 of the Dungeon)
 I - a +0 ring mail
   (You found it on level 3 of the Dungeon)
 L - a +0 leather armour
   (You found it on level 5 of the Dungeon)
 M - a +2 helmet (worn)
   (You found it on level 3 of the Dungeon)
 P - a +0 ring mail
   (You found it on level 4 of the Dungeon)
 V - a +0 robe
   (You took it off an orc wizard on level 4 of the Dungeon)
 W - a +0 ring mail
   (You took it off an orc on level 4 of the Dungeon)
 X - a +2 kite shield
   (You found it on level 4 of the Dungeon)
 Y - a +0 leather armour
   (You found it on level 4 of the Dungeon)
Magical Staves
 G - a staff of air {!astaff}
   (You found it on level 3 of the Dungeon)
Jewellery
 l - a ring of protection from fire
   (You found it on level 1 of the Dungeon)
 p - a +6 ring of intelligence
   (You found it on level 7 of the Dungeon)
 x - a ring of positive energy
   (You found it on level 2 of the Dungeon)
 A - a ring of willpower (right hand)
   (You found it on level 2 of the Dungeon)
 C - an amulet of guardian spirit
   (You found it on level 5 of the Dungeon)
 H - an amulet of regeneration (around neck) {@e2}
   (You found it on level 3 of the Dungeon)
 J - a ring of wizardry (left hand)
   (You found it on level 3 of the Dungeon)
 R - a ring of protection from fire
   (You found it on level 4 of the Dungeon)
Wands
 d - a wand of acid (7)
   (You took it off a kobold brigand on level 8 of the Dungeon)
 B - a wand of digging (7)
   (You found it on level 8 of the Dungeon)
Scrolls
 g - 2 scrolls of amnesia
 j - 4 scrolls of identify {@r1}
 u - a scroll of magic mapping {!r}
 v - a scroll of immolation {!r!r}
 D - a scroll of poison {!r}
 Z - a scroll of teleportation {@r4}
Potions
 c - 6 potions of curing {@q1}
 k - a potion of cancellation {unknown}
 r - 4 potions of heal wounds {@q2}
 z - 4 potions of lignification {!q}
 F - a potion of mutation {!q}
 K - 2 potions of attraction {!q}
 S - 3 potions of brilliance
 T - a potion of might

Dungeon Overview and Level Annotations

Branches:
Dungeon (9/15) Zot: 26863  Temple (1/1) D:7 Zot: 5891
   Lair: D:8-11         Orc: D:9-12

Altars:
Ashenzari
Elyvilon
Gozag
Hepliaklqana
Kikubaaqudgha
Makhleb
Okawaru
Ru
Trog
Vehumet
Wu Jian
Yredelemnul
The Shining One

Shops:
D:1 (   D:5 !   D:6 !

Annotations:
D:6 1 runed translucent door, hgbash's ghost, amateur OpCj
D:8 exclusion: two-headed ogre
D:9 Erica; Harold

.## ########'
#........
#..^........##
+<...........#
#............# .
#............#..
#.{............
#@..........#
#@....!.....#
#..........(#
#........<.?#
#..........(#
####+########


You could see Harold (magic disrupted).


Message History

You tear a large gash into the net.
Harold hits you from afar with a +0 trident!
Unknown command.
You rip the net and break free!
Harold hits you but does no damage.
Unknown command.
Harold hits you from afar with a +0 trident.
You climb upwards.
Level annotation: exclusion: two-headed ogre
There is a stone staircase leading down here.
Unknown command.
You start resting.
You start resting.
The sentinel's mark upon you fades away.
You see here a +1 scimitar of flaming {long}.
There is a stone staircase leading down here.
Unknown command.
You climb downwards.
Level annotation: Erica; Harold Harold grumbles, "Just give up already, I want to go home!"
Harold fires a harpoon shot at you. The harpoon shot hits you!
You are yanked forward by the harpoon shot.
Danger!
Unknown command.
Unknown command.
Unknown command.
Casting: Petrify (dangerous; 4% risk of failure)
Confirm with . or Enter, or press ? or * to list all spells.
Aiming: Petrify (dangerous; 4% risk of failure)
Press: ? - help, Shift-Dir - straight line, f - Harold
Aim: Harold, wielding a +0 trident, wearing a +0 chain mail and quivering a throwing net (chance to affect: 22%) Harold resists with almost no effort.
Harold hits you with a +0 trident.
Unknown command.
Casting: Petrify (dangerous; 4% risk of failure)
Confirm with . or Enter, or press ? or * to list all spells.
Aiming: Petrify (dangerous; 4% risk of failure)
Press: ? - help, Shift-Dir - straight line, f/p - Harold
Aim: Harold, wielding a +0 trident, wearing a +0 chain mail and quivering a throwing net (chance to affect: 22%) Harold resists with almost no effort.
Harold hits you but does no damage.
Unknown command.
Casting: Petrify (dangerous; 4% risk of failure)
Confirm with . or Enter, or press ? or * to list all spells.
Aiming: Petrify (dangerous; 4% risk of failure)
Press: ? - help, Shift-Dir - straight line, f/p - Harold
Aim: Harold, wielding a +0 trident, wearing a +0 chain mail and quivering a throwing net (chance to affect: 22%) Harold resists with almost no effort.
Harold hits you with a +0 trident!
Something unseen opens the door.
Unknown command.
You hit Harold but do no damage. Your bite misses Harold.
Harold hits you with a +0 trident.
You hit Harold but do no damage. Your punch misses Harold.
Your bite misses Harold.
Unknown command.
You hit Harold. Lightning courses through Harold!! You bite Harold.
Harold's magic leaks into the air.
You drain his magic.
You feel invigorated.
Harold's magic is no longer disrupted.
Erica gestures wildly while chanting.
Erica flickers and vanishes!
Deactivating autopickup; reactivate with Ctrl-A.
Harold casts a spell at you.
You barely resist.
Unknown command.
You hit Harold. You bite Harold.
Harold's magic leaks into the air.
You drain his magic.
You feel invigorated. Harold barely misses you.
You are confused.
You hit Harold but do no damage. Lightning courses through Harold!
Your bite misses Harold. Harold hits you with a +0 trident.
You closely miss Harold. You bite Harold.
Harold's magic leaks into the air.
You drain his magic.
You feel invigorated. Harold hits you with a +0 trident!
Unknown command.
You hit Harold but do no damage. Your bite misses Harold.
Unknown command.
You barely miss Harold. You bite Harold!
Harold's magic leaks into the air.
You drain his magic.
You feel invigorated. Harold hits you with a +0 trident!!
You bump into the rock wall.
Harold hits you but does no damage.
Unknown command.
You hit Harold. Harold hits you with a +0 trident.
Unknown command.
You bump into the rock wall.
Harold completely misses you.
Unknown command.
You bump into the rock wall.
You feel less confused. Something hits you. Something burns you.
Harold says, "Bounty hunting has been great, but I can't wait to retire."
Harold hits you with a +0 trident!
Unknown command.
You hit Harold. You bite Harold, but do no damage. Something hits you.
Something burns you.
* * * LOW HITPOINT WARNING * * *
Harold hits you with a +0 trident!
* * * LOW HITPOINT WARNING * * *
Unknown command.
You feel protected. Harold hits you with a +0 trident!
* * * LOW HITPOINT WARNING * * *
Something hits you!
* * * LOW HITPOINT WARNING * * *
Something burns you.
You die...

Skill      XL: |  1  2  3  4  5  6  7  8  9 10 |
---------------+-------------------------------+-----
Stealth        | 3 8 |  8.0
Fighting       | 1 4 |  4.0
Short Blades   | 2 3 4 5 6 |  6.1
Transmutations | 2 3 4 |  4.0
Earth Magic    | 6 9 |  9.4
Spellcasting   | 5 6 |  6.0
Dodging        | |  1.5

Action                   |  1- 3 |  4- 6 |  7- 9 | 10-12 || total
-------------------------+-------+-------+-------+-------++-------
Melee: Short sword       |    27 |    41 |   158 |    48 ||   274
       Bite              |     5 |    15 |    73 |    16 ||   109
       Dagger            |       |    56 |    57 |       ||   113
       Punch             |       |       |     5 |     2 ||     7
Throw: Dart              |       |       |     1 |       ||     1
 Cast: Sandblast         |    30 |    11 |     7 |       ||    48
       Passwall          |       |     2 |     4 |       ||     6
       Petrify           |       |       |     7 |    13 ||    20
Invok: Lunge             |       |       |     7 |     4 ||    11
  Use: Scroll            |       |    20 |     7 |     2 ||    29
       Potion            |       |       |     2 |     4 ||     6
 Stab: Sleeping          |       |     8 |    10 |     2 ||    20
       Petrified         |       |       |     7 |     9 ||    16
       Distracted        |       |       |     2 |       ||     2
       Petrifying        |       |       |     1 |       ||     1
Armor: Robe              |     6 |    20 |    80 |       ||   106
       Troll leather arm |       |       |     4 |    10 ||    14
Dodge: Dodged            |    17 |    59 |   123 |    15 ||   214

Levels and vault maps discovered:
D:1:      grunt_arrival_crossed_arrows, layout_loops_cross, serial_shops, shop,
          kennysheep_crisscross, chequers_serial_rivers_room_b, st_stairs_9,
          minmay_tromino_i4
D:2:      layout_rooms, hellmonk_ecumenical_altar_inner_sanctum
D:3:      layout_basic
D:4:      layout_loops_cross
D:5:      layout_layer_cave, kennysheep_mini, serial_shops, shop_fountains,
          hex_tiny, minmay_misc_feat_square, uniq_eustachio
D:6:      layout_basic, lemuel_crystal_altar, ebering_ghost_sewer_d,
          serial_shops, shop, lightli_orcish_oven, uniq_pikel
D:7:      black_bear_nest_2, layout_basic, mainiacjoe_overflow_tiny_flanked,
          minmay_temple_entry_mist, minmay_ruined_shrine
D:8:      minmay_cornered_nines, layout_layer_cave,
          chequers_temple_overflow_statue_of_worship
D:9:      layout_roguey, elyvilon_altar_5, minmay_shop_mayhem, uniq_erica,
          uniq_harold, uniq_maurice
Temple:   minmay_temple_curvy_branch

Notes
Turn   | Place    | Note
-------+----------+-------------------------------------------
     0 | D:1      | Sobieck the Vine Stalker Earth Elementalist began the quest
                  | for the Orb.
     0 | D:1      | Reached XP level 1. HP: 9/9 MP: 4/4
     4 | D:1      | Found Feoma's Antique Weapon Shoppe.
   189 | D:1      | Reached XP level 2. HP: 12/14 MP: 1/6
   384 | D:1      | Learned a level 2 spell: Passwall
   670 | D:1      | Reached XP level 3. HP: 17/17 MP: 4/7
   673 | D:1      | Reached skill level 3 in Stealth
  1157 | D:2      | Reached skill level 1 in Fighting
  1216 | D:2      | Gained mutation: Your natural rate of healing is unusually
                  | fast. [Vine Stalker growth]
  1216 | D:2      | Reached XP level 4. HP: 18/22 MP: 6/9
  1267 | D:2      | Reached skill level 1 in Short Blades
  1328 | D:1      | Bought a runed short sword for 114 gold pieces
  1602 | D:2      | Found a faded altar of an unknown god.
  2015 | D:3      | You pick up a book of Armaments and begin reading...
  2015 | D:3      | You add the spells Animate Armour and Lehudib's Crystal
                  | Spear to your library.
  2099 | D:3      | Learned a level 4 spell: Petrify
  2657 | D:4      | Noticed a scorpion
  2672 | D:4      | Killed a scorpion
  2673 | D:4      | Reached skill level 2 in Short Blades
  2673 | D:4      | Reached XP level 5. HP: 18/25 MP: 7/10
  2788 | D:4      | Reached skill level 3 in Short Blades
  3182 | D:1      | Bought an iridescent spear for 152 gold pieces
  3182 | D:1      | Identified the +5 spear of Ichued {protect, Fly rN+++ Str+7
                  | Dex-3} (You bought it in a shop on level 1 of the Dungeon)
  3288 | D:4      | Reached XP level 6. HP: 30/30 MP: 8/11
  3363 | D:4      | Reached skill level 4 in Short Blades
  3676 | D:5      | Entered Level 5 of the Dungeon
  3908 | D:5      | Noticed Eustachio
  4080 | D:5      | Identified the +5 spear of Stickiness {vorpal, Will+ Int+2}
  4109 | D:5      | Noticed a black bear
  4182 | D:5      | Reached skill level 2 in Transmutations
  4184 | D:5      | Killed a black bear
  4321 | D:5      | Found Teis's Distillery.
  4349 | D:5      | Reached XP level 7. HP: 33/33 MP: 9/12
  4405 | D:5      | Found a broken altar of Ashenzari.
  4614 | D:5      | Reached skill level 5 in Short Blades
  4614 | D:5      | Reached skill level 3 in Transmutations
  4614 | D:5      | Reached skill level 4 in Earth Magic
  4798 | D:5      | Killed Eustachio
  4799 | D:5      | Reached skill level 5 in Earth Magic
  5639 | D:5      | Reached skill level 6 in Earth Magic
  5639 | D:5      | Gained mutation: You have razor-sharp teeth. [Vine Stalker
                  | growth]
  5639 | D:5      | Reached XP level 8. HP: 35/37 MP: 11/13
  5670 | D:6      | Identified the +0 robe "Vuisin" {Str+5}
  5762 | D:6      | Noticed Pikel
  5852 | D:6      | Found a glowing golden altar of the Shining One.
  6003 | D:6      | Found Qaosmaho's Distillery.
  6049 | D:6      | Bought a potion of degeneration for 14 gold pieces
  6125 | D:5      | Killed Pikel
  6126 | D:5      | Reached skill level 8 in Earth Magic
  6354 | D:6      | Reached skill level 9 in Earth Magic
  6357 | D:6      | Reached XP level 9. HP: 33/41 MP: 11/14
  6463 | D:5      | Reached skill level 4 in Stealth
  6488 | D:6      | Reached skill level 2 in Fighting
  6516 | D:6      | Found a runed translucent door.
  6516 | D:6      | Noticed hgbash's ghost (amateur OpCj)
  6838 | D:7      | Identified the +5 flail "Killer Bee's Regret" {vorpal, rN+}
  6846 | D:7      | Found a staircase to the Ecumenical Temple.
  6855 | Temple   | Entered the Ecumenical Temple
  6941 | Temple   | Became a worshipper of the Wu Jian Council
  6982 | D:7      | Reached skill level 5 in Stealth
  7059 | D:7      | Found a basalt altar of Yredelemnul.
  7110 | D:7      | Reached skill level 3 in Fighting
  7151 | D:7      | Reached skill level 6 in Stealth
  7278 | D:6      | Reached skill level 4 in Fighting
  7326 | D:5      | Bought a potion of magic for 120 gold pieces
  7521 | D:7      | Found an ancient bone altar of Kikubaaqudgha.
  7619 | D:7      | Reached skill level 7 in Stealth
  7854 | D:8      | Reached skill level 8 in Stealth
  7854 | D:8      | Reached skill level 3 in Spellcasting
  8035 | D:8      | You add the spells Tukima's Dance, Passage of Golubria and
                  | Yara's Violent Unravelling to your library.
  8087 | D:8      | Noticed a troll
  8097 | D:8      | Killed a troll
  8098 | D:8      | Reached skill level 4 in Spellcasting
  8148 | D:8      | Learned a level 3 spell: Stone Arrow
  8197 | D:8      | Found an opulent altar of Gozag.
  8198 | D:8      | Found a sacrificial altar of Ru.
  8198 | D:8      | Found a radiant altar of Vehumet.
  8199 | D:8      | Found an iron altar of Okawaru.
  8347 | D:8      | Reached skill level 5 in Spellcasting
  8347 | D:8      | Reached XP level 10. HP: 40/49 MP: 15/19
  8380 | D:8      | Noticed a two-headed ogre
  8518 | D:8      | Identified the +9 falchion "Jajemn" {drain, rN+}
  8593 | D:8      | Killed a two-headed ogre
  8594 | D:8      | Reached skill level 6 in Spellcasting
  8740 | D:8      | HP: 3/49 [efreet/bolt of fire (20)]
  8776 | D:8      | Reached * piety under Wu Jian
  8777 | D:8      | Reached skill level 6 in Short Blades
  8799 | D:8      | Reached skill level 4 in Transmutations
  9274 | D:9      | Noticed Erica
  9274 | D:9      | Found a white marble altar of Elyvilon.
  9316 | D:9      | Noticed Harold
  9411 | D:9      | HP: 12/49 [Harold/+0 trident (5)]
  9411 | D:9      | HP: 2/49 [something (10)]
  9411 | D:9      | Slain by Erica

Vanquished Creatures
  A two-headed ogre (D:8)
  Pikel (D:5)
  2 efreet (D:8)
  A troll (D:8)
  Eustachio (D:5)
  A wyvern (D:8)
  4 water moccasins
  2 ice beasts (D:7)
  2 sky beasts
  2 black bears
  An ogre (D:6)
  2 centaurs
  4 lemures
  A kobold brigand (D:8)
  4 necrophages
  3 scorpions
  3 bullfrogs (D:8)
  5 wights
  A killer bee (D:7)
  A howler monkey (D:6)
  4 hounds
  A jelly (D:8)
  3 iguanas
  2 orc wizards
  4 gnolls (D:7)
  9 adders
  2 shadow imps
  2 white imps
  2 ufetubi
  2 dart slugs (D:1)
  13 orcs
  2 endoplasms (D:1)
  7 goblins
  4 hobgoblins
  4 jackals (D:2)
  2 quokkas (D:1)
  8 ball pythons
  7 bats
  A frilled lizard (D:2)
  10 kobolds
  6 rats
137 creatures vanquished.

Table legend:
 A = Non-vault XP
 B = Vault XP
 C = Vault XP percentage of total XP
 D = Non-vault monster count
 E = Vault monster count
 F = Vault count percentage of total count
                 A         B        C        D         E       F
            +---------+---------+-------+---------+---------+-------
      Total |    4402 |    2426 |  35.5 |     108 |      25 |  18.8
            +---------+---------+-------+---------+---------+-------
        D:1 |      39 |       9 |  18.8 |      23 |       6 |  20.7
        D:2 |      74 |       0 |   0.0 |      17 |       0 |   0.0
        D:3 |       9 |       0 |   0.0 |       5 |       0 |   0.0
        D:4 |     233 |       0 |   0.0 |      16 |       0 |   0.0
        D:5 |     744 |     887 |  54.4 |      10 |       2 |  16.7
        D:6 |     762 |      15 |   1.9 |      13 |       5 |  27.8
        D:7 |     306 |     767 |  71.5 |       8 |       9 |  52.9
        D:8 |    2235 |     748 |  25.1 |      16 |       3 |  15.8
            +---------+---------+-------+---------+---------+-------

Illustrated notes

Table legend:
 A = Kills in this place as a percentage of kills in entire the game.
 B = Kills by you in this place as a percentage of kills by you in the entire game.
 C = Kills by friends in this place as a percentage of kills by friends in the entire game.
 D = Other kills in this place as a percentage of other kills in the entire game.
 E = Experience gained in this place as a percentage of experience gained in the entire game.
 F = Experience gained in this place divided by the number of levels of this place that you have seen.
                   A       B       C       D       E      F
               +-------+-------+-------+-------+-------+----------------------
         Total | 100.0 | 100.0 |   N/A |   N/A | 100.0 | 682.8
       Dungeon | 100.0 | 100.0 |   N/A |   N/A | 100.0 | 758.7
               +-------+-------+-------+-------+-------+----------------------

Table legend: (Time is in decaauts)
 A = Elapsed time spent in this place.
 B = Non-inter-level travel time spent in this place.
 C = Inter-level travel time spent in this place.
 D = Time resting spent in this place.
 E = Time spent auto-exploring this place.
 F = Levels seen in this place.
 G = Mean time per level.
                   A        B        C        D        E       F      G
               +--------+--------+--------+--------+--------+-----+--------+
         Total |   9389 |   8645 |    744 |    925 |   4998 |  10 |  938.9 |
       Dungeon |   9280 |   8557 |    723 |    925 |   4917 |   9 | 1031.1 |
        Temple |    108 |     87 |     21 |      0 |     81 |   1 |  108.0 |
               +--------+--------+--------+--------+--------+-----+--------+

Top non-repeatable levels by time:
     D:5: 1955 daAuts
     D:8: 1466 daAuts
     D:6: 1263 daAuts
     D:1: 1106 daAuts
     D:4: 935 daAuts
     D:3: 865 daAuts
     D:7: 849 daAuts
     D:2: 794 daAuts
  Temple: 108 daAuts
     D:9: 44 daAuts
